 Dungeon Crawl Stone Soup version 0.22.1 (webtiles) character file.

1810 MalarOregon the Firebug (level 9, -5/74 HPs)
             Began as a Hill Orc Fire Elementalist on Sept 17, 2018.
             Was a Follower of Nemelex Xobeh.
             Shot with an arrow by a centaur (6 damage)
             ... on level 6 of the Dungeon.
             The game lasted 00:17:22 (8495 turns).

MalarOregon the Firebug (HOFE)                      Turns: 8495, Time: 00:17:23

Health: -5/74      AC:  8    Str: 11    XL:     9   Next: 10%
Magic:  1/12       EV: 10    Int: 18    God:    Nemelex Xobeh [*.....]
Gold:   259        SH:  0    Dex: 11    Spells: 2/12 levels left

rFire    . . .     SeeInvis .   l - +0 hand axe
rCold    . . .     Gourm    .   (no shield)
rNeg     . . .     Faith    .   v - +0 scale mail
rPois    .         Spirit   .   k - +0 helmet
rElec    .         Reflect  .   (no cloak)
rCorr    .         Harm     .   (no gloves)
MR       .....                  (no boots)
Stlth    ..........             (no amulet)
HPRegen  0.22/turn              q - ring of flight
MPRegen  0.13/turn              (no ring)

@: very slightly contaminated
A: no striking features
a: Renounce Religion, Evoke Flight


You were on level 6 of the Dungeon.
You worshipped Nemelex Xobeh.
Nemelex Xobeh was aware of your devotion.
You were hungry.

You visited 2 branches of the dungeon, and saw 7 of its levels.

You collected 259 gold pieces.

Inventory:

Hand Weapons
 h - a +0 whip
 l - a +0 hand axe (weapon)
Armour
 k - a +0 helmet (worn)
 v - a +0 scale mail (worn)
Jewellery
 q - a ring of flight (left hand)
Scrolls
 a - 3 scrolls of identify
 b - 2 scrolls of random uselessness {unknown}
 d - 2 scrolls of amnesia {unknown}
 i - 2 scrolls of blinking {unknown}
 j - 4 scrolls of remove curse
 m - a scroll of immolation {unknown}
 n - 3 scrolls of enchant weapon {unknown}
 r - a scroll of noise {unknown}
Potions
 e - 2 potions of curing
 f - a potion of lignification
 o - a potion of mutation {unknown}
 p - 2 potions of flight {unknown}
 u - 3 potions of resistance {unknown}
Comestibles
 c - 7 rations


   Skills:
 + Level 5.5 Fighting
 + Level 5.0 Armour
 + Level 4.3 Dodging
 - Level 2.0 Stealth
 - Level 2.0 Spellcasting
 + Level 4.7 Conjurations
 + Level 6.2 Fire Magic
 + Level 3.7 Invocations


You had 2 spell levels left.
You knew the following spells:

 Your Spells              Type           Power        Failure   Level  Hunger
a - Flame Tongue          Conj/Fire      ###..        10%         1    #......
b - Sticky Flame          Conj/Fire      ###.....     69%         4    #####..
c - Fireball              Conj/Fire      ###.......   95%         5    ######.

Your spell library contained the following spells:

 Spells                   Type           Power        Failure   Level  Hunger
 Throw Flame              Conj/Fire      ###...       16%         2    ###....
 Conjure Flame            Conj/Fire      ###.....     30%         3    ###....
 Inner Flame              Hex/Fire       ##......     61%         3    ###....


Dungeon Overview and Level Annotations

Branches:
Dungeon (6/15)             Temple (1/1) D:4

Altars:
Ashenzari
Cheibriados
Dithmenos
Elyvilon
Fedhas
Hepliaklqana
Kikubaaqudgha
Makhleb
Nemelex Xobeh
Okawaru
Qazlal
Ru
Sif Muna
Trog
Uskayaw
Vehumet
Wu Jian
Xom
Yredelemnul
Zin
The Shining One


Message History

You miscast Flame Tongue.
Wisps of smoke drift from your hands.
All of the chunks of flesh in your inventory have rotted away.
Casting: Flame Tongue (safe; 10% risk of failure)
Confirm with . or Enter, or press ? or * to list all spells.
Aiming: Flame Tongue (safe; 10% risk of failure)
Press: ? - help, Shift-Dir - straight line, f/p - gnoll
Aim: a gnoll, wielding a halberd The flame tongue misses the gnoll.
The gnoll barely misses you.
A centaur comes into view.
The centaur shouts!
The centaur wields a shortbow.
The centaur shoots an arrow.
The arrow closely misses you.
You see here an arrow.
The centaur shoots an arrow.
The arrow hits you!
* * * LOW HITPOINT WARNING * * *
The centaur shoots an arrow.
The arrow hits you.
* * * LOW HITPOINT WARNING * * *
You open the door.
The centaur shoots an arrow.
The arrow hits you.
You die...
Your body glows slightly and disappears.

...........##..#
#†#
########.......#
#.# ######..#
#.# #..# #.#
#.## #.# #.##
##.##
#.#_##g..###.
#.#'#......c..
#.#.@..#.###.#
#.#####.## #.#
## #.# #.# #.#
#.# ##### #.#
#######...# #.#


You could see a centaur and a gnoll.

Vanquished Creatures
  Sigmund (D:2)
  A sky beast (D:5)
  4 ogres
  A centaur (D:5)
  A scorpion (D:4)
  A water moccasin skeleton (D:4)
  A howler monkey (D:6)
  6 hounds
  6 orc wizards
  A jelly (D:6)
  4 orc priests
  A bullfrog skeleton (D:5)
  A centaur skeleton (D:4)
  5 worker ants
  2 hound skeletons
  Robin (D:2)
  6 gnolls
  9 adders
  2 oozes (D:4)
  An adder skeleton (D:5)
  A worm (D:1)
  2 dart slugs
  3 leopard geckos (D:2)
  33 orcs
  A ball python (D:3)
  6 giant cockroaches
  20 goblins
  9 hobgoblins
  10 jackals
  3 quokkas
  8 bats
  4 frilled lizards
  6 kobolds
  7 rats
168 creatures vanquished.

Vanquished Creatures (collateral kills)
  An orc wizard (D:4)
  An orc (D:4)
2 creatures vanquished.

Grand Total: 170 creatures vanquished

Notes
Turn   | Place    | Note
-------+----------+-------------------------------------------
     0 | D:1      | MalarOregon the Hill Orc Fire Elementalist began the quest
                  | for the Orb.
     0 | D:1      | Reached XP level 1. HP: 14/14 MP: 3/3
   168 | D:1      | Reached XP level 2. HP: 6/22 MP: 0/4
   940 | D:1      | Reached XP level 3. HP: 27/27 MP: 1/5
   946 | D:1      | Reached skill level 1 in Fighting
  1174 | D:2      | Noticed Sigmund
  1474 | D:2      | Reached skill level 1 in Armour
  1801 | D:2      | Reached XP level 4. HP: 35/35 MP: 4/6
  1808 | D:2      | Found a shattered altar of Ashenzari.
  2073 | D:2      | Noticed Robin
  2084 | D:2      | Killed Robin
  2368 | D:2      | Noticed an ogre
  2606 | D:2      | Killed Sigmund
  2606 | D:2      | Reached skill level 4 in Fire Magic
  2606 | D:2      | Reached XP level 5. HP: 40/42 MP: 0/8
  2606 | D:2      | Reached XP level 6. HP: 48/50 MP: 0/9
  3272 | D:3      | Found a blossoming altar of Fedhas.
  3910 | D:3      | Reached XP level 7. HP: 57/57 MP: 6/10
  4069 | D:3      | Learned a level 4 spell: Sticky Flame
  4075 | D:3      | Learned a level 5 spell: Fireball
  4214 | D:4      | Found a staircase to the Ecumenical Temple.
  4231 | Temple   | Entered the Ecumenical Temple
  4268 | Temple   | Became a worshipper of Nemelex Xobeh the Trickster
  4398 | D:4      | Received a gift from Nemelex Xobeh
  5153 | D:4      | Reached skill level 5 in Fire Magic
  5461 | D:5      | Entered Level 5 of the Dungeon
  5468 | D:5      | Reached skill level 1 in Invocations
  5468 | D:5      | Reached XP level 8. HP: 51/66 MP: 5/11
  5756 | D:5      | Reached * piety under Nemelex Xobeh
  7513 | D:5      | Reached skill level 5 in Fighting
  8112 | D:6      | Found an iron altar of Okawaru.
  8421 | D:6      | Reached skill level 6 in Fire Magic
  8453 | D:6      | Reached XP level 9. HP: 46/74 MP: 3/12
  8463 | D:6      | Reached skill level 5 in Armour
  8494 | D:6      | HP: 1/74 [centaur/arrow (6)]
  8495 | D:6      | Found a snail-covered altar of Cheibriados.
  8495 | D:6      | Shot with an arrow by a centaur

Skill      XL: |  1  2  3  4  5  6  7  8  9 |
---------------+----------------------------+-----
Fighting       | 1 2 3 4 5 |  5.5
Armour         | 1 2 3 4 5 |  5.0
Stealth        | 2 |  2.0
Dodging        | 2 3 4 |  4.3
Spellcasting   | 2 |  2.0
Conjurations   | 2 3 4 |  4.7
Fire Magic     | 4 5 6 |  6.2
Invocations    | 1 3 |  3.7

Action                   |  1- 3 |  4- 6 |  7- 9 || total
-------------------------+-------+-------+-------++-------
Melee: Unarmed           |    55 |       |       ||    55
       Whip              |    18 |    56 |       ||    74
       Spear             |    11 |       |       ||    11
       Dagger            |    10 |       |       ||    10
       Hand axe          |       |    28 |   241 ||   269
 Cast: Flame Tongue      |    51 |    76 |   154 ||   281
Evoke: Deck              |       |       |     9 ||     9
  Use: Scroll            |     1 |     3 |       ||     4
       Potion            |       |       |     2 ||     2
  Eat: Chunk             |     4 |     8 |    17 ||    29
Armor: Robe              |    12 |       |       ||    12
       Ring mail         |    21 |    44 |    70 ||   135
       Scale mail        |       |       |    98 ||    98
       Skin              |       |       |    68 ||    68
Dodge: Dodged            |    66 |    89 |   243 ||   398
